 Dungeon Crawl Stone Soup version 0.23.2-40-g277498a001 (webtiles) character file.

Game seed: 18012462912174694366

1927 Amplified the Skirmisher (level 8, -7/67 HPs)
             Began as a Mummy Monk on Sept 9, 2019.
             Was an Initiate of Gozag.
             Killed from afar by an electric eel (11 damage)
             ... with a bolt of electricity
             ... on level 7 of the Dungeon.
             The game lasted 00:12:55 (9704 turns).

Amplified the Skirmisher (Mummy Monk)               Turns: 9704, Time: 00:12:56

Health: -7/67      AC:  7    Str: 16    XL:     8   Next: 96%
Magic:  8/8        EV: 12    Int: 10    God:    Gozag
Gold:   727        SH: 15    Dex: 14    Spells: 7/7 levels left

rFire    x . .     SeeInvis .   o - +3 flail
rCold    + + .     Gourm    .   b - +1 large shield
rNeg     + + +     Faith    .   e - +2 leather armour {rC+}
rPois    ∞         Spirit   .   k - +0 helmet
rElec    .         Reflect  .   (no cloak)
rCorr    .         Harm     .   d - +0 pair of gloves
MR       +....                  (no boots)
Stlth    ++........             (no amulet)
HPRegen  0.21/turn              g - ring of poison resistance
MPRegen  0.11/turn              c - +4 ring of evasion

@: no status effects
A: no food or potions, fire vulnerability, cold resistance 1, negative energy
resistance 3, torment resistance, unbreathing
a: Potion Petition, Call Merchant, Bribe Branch, Renounce Religion


You were on level 7 of the Dungeon.
You worshipped Gozag.
Gozag was pleased with you.
You were not hungry.

You visited 2 branches of the dungeon, and saw 8 of its levels.

You collected 1274 gold pieces.
You paid 547 gold pieces to Gozag.

Inventory:

Hand Weapons
 n - a +2 rapier of draining
 o - a +3 flail (weapon)
Missiles
 h - 19 poisoned needles
Armour
 b - a +1 large shield (worn)
 d - a +0 pair of gloves (worn)
 e - a +2 leather armour of cold resistance (worn)
 k - a +0 helmet (worn)
Magical Staves
 a - an uncursed staff of cold
Jewellery
 c - a +4 ring of evasion (right hand)
 g - a ring of poison resistance (left hand)
Wands
 m - a wand of random effects (9)
Scrolls
 f - 4 scrolls of identify
 i - 6 scrolls of remove curse
 l - a scroll of teleportation


   Skills:
 * Level 7.4 Fighting
 * Level 6.1 Maces & Flails
 - Level 2.5 Dodging
 - Level 1.5 Stealth
 * Level 5.3 Shields


You had 7 spell levels left.
You didn't know any spells.
Your spell library contained the following spells:

 Spells                   Type           Power        Failure   Level  Hunger
 Corona                   Hex            #......      99%         1    N/A
 Ensorcelled Hibernation  Hex/Ice        #.....       100%        2    N/A
 Confuse                  Hex            #.......     100%        3    N/A
 Dazzling Spray           Conj/Hex       #.....       100%        3    N/A
 Tukima's Dance           Hex            #.......     100%        3    N/A

Dungeon Overview and Level Annotations

Branches:
Dungeon (7/15)             Temple (1/1) D:6

Altars:
Ashenzari
Cheibriados
Dithmenos
Fedhas
Gozag
Hepliaklqana
Nemelex Xobeh
Okawaru
Qazlal
Ru
Sif Muna
Trog
Uskayaw
Wu Jian
Xom
Yredelemnul
The Shining One

Shops:
D:6 (

Annotations:
D:2 Crazy Yiuf
D:3 Sigmund
D:7 Harold


Innate Abilities, Weirdness & Mutations

You do not eat or drink.
Your flesh is vulnerable to fire.
You are immune to poison.
Your flesh is cold resistant. (rC+)
You are immune to negative energy. (rN+++)
You are immune to unholy pain and torment.
You can survive without breathing.


Message History

The bolt of electricity hits you!
The electric eel shoots out a bolt of lightning at you!
The bolt of electricity misses you. The bolt of electricity hits you!
* * * LOW HITPOINT WARNING * * *
The bolt of electricity hits the electric eel.
The electric eel completely resists.
Okay, then.
Things that are here:
5 gold pieces; a +0 falchion; a +0 robe The electric eel shoots out a bolt of lightning at you!
The bolt of electricity hits you!
* * * LOW HITPOINT WARNING * * *
The electric eel shoots out a bolt of lightning at you!
The bolt of electricity hits you!
* * * LOW HITPOINT WARNING * * *
There is a stone staircase leading up here.
The electric eel shoots out a bolt of lightning at you!
The bolt of electricity hits you!
You die...
Your body crumbles into a pile of gold.

#..... #......≈≈≈.≈≈≈≈
#.....♣♣≈≈.≈≈≈♣
#.....≈♣≈P.≈≈≈♣ ♣##
.....≈♣≈≈.P≈P♣♣ ..
.....♣♣≈.≈P≈≈♣♣♣ ♣# #.
#.##.#♣P.≈PP≈≈PP
....#.#######.#.@.#P.≈≈≈≈;≈≈
........).).......$.........
......#######.#......≈≈≈≈≈≈≈
#...## ........♣;≈P≈≈≈≈≈ ...
#.##.####.♣≈≈≈P≈≈≈≈ ## # #..
#.#♣≈≈P≈≈≈≈ ##. #.# ≈≈PP≈≈≈
.. ..# #≈≈P≈≈≈ .# ### #♣≈≈≈P


You could see an electric eel.

Vanquished Creatures
  Eustachio (D:6)
  An ice beast (Temple)
  A sky beast (D:6)
  3 ogres
  A bullfrog (Temple)
  A scorpion (D:4)
  A killer bee (D:6)
  13 wights
  A crimson imp (D:7)
  2 hounds (D:4)
  An orc priest (D:7)
  3 orc wizards
  5 worker ants
  Natasha (D:4)
  2 iguanas
  A mummy (D:5)
  A hound skeleton (D:5)
  4 gnolls (D:4)
  9 adders
  3 shadow imps (D:6)
  An ooze (D:4)
  An adder zombie (D:6)
  A dart slug (D:1)
  3 leopard geckos
  10 orcs
  5 bats
  5 giant cockroaches
  2 goblins
  2 hobgoblins
  14 jackals
  4 quokkas
  A ball python (D:4)
  A frilled lizard (D:1)
  A hobgoblin zombie (D:5)
  A jackal skeleton (D:7)
  A jackal zombie (D:5)
  5 kobolds
  2 kobold zombies (D:5)
  A leopard gecko skeleton (D:7)
  An orc zombie (D:5)
  A quokka skeleton (D:4)
  3 rats
121 creatures vanquished.

Notes
Turn   | Place    | Note
-------+----------+-------------------------------------------
     0 | D:1      | Amplified the Mummy Monk began the quest for the Orb.
     0 | D:1      | Reached XP level 1. HP: 18/18 MP: 1/1
   595 | D:1      | Reached XP level 2. HP: 23/24 MP: 2/2
  1700 | D:2      | Reached XP level 3. HP: 18/29 MP: 3/3
  2950 | D:2      | Found a runed translucent door.
  2951 | D:2      | Noticed Crazy Yiuf
  3001 | D:2      | Found a bloodstained altar of Trog.
  3001 | D:2      | Found an iron altar of Okawaru.
  3121 | D:2      | Reached skill level 1 in Shields
  3318 | D:3      | Noticed Sigmund
  3514 | D:3      | Reached XP level 4. HP: 32/37 MP: 4/4
  3790 | D:4      | Reached skill level 4 in Fighting
  4110 | D:4      | Reached XP level 5. HP: 22/42 MP: 5/5
  4280 | D:4      | Noticed Natasha
  4297 | D:5      | Entered Level 5 of the Dungeon
  4497 | D:5      | Noticed an ogre
  4637 | D:4      | Noticed an ogre
  5344 | D:4      | Reached XP level 6. HP: 44/49 MP: 6/6
  6096 | D:6      | Noticed an ice beast
  6115 | D:6      | Found a staircase to the Ecumenical Temple.
  6117 | D:6      | Noticed Eustachio
  6124 | Temple   | Entered the Ecumenical Temple
  6392 | Temple   | Killed an ice beast
  6392 | Temple   | Reached skill level 5 in Fighting
  6863 | D:5      | Reached XP level 7. HP: 56/56 MP: 7/7
  7585 | D:4      | Found an opulent altar of Gozag.
  7706 | D:4      | Killed Natasha
  7765 | D:4      | Became a worshipper of Gozag Ym Sagoz the Greedy
  7864 | D:4      | Found a shimmering altar of Xom.
  8379 | D:6      | Killed Eustachio
  8379 | D:6      | Reached skill level 6 in Fighting
  8379 | D:6      | Reached skill level 5 in Maces & Flails
  8379 | D:6      | Reached XP level 8. HP: 49/64 MP: 8/8
  8430 | D:6      | Identified a scroll of acquirement
  9142 | D:7      | Noticed Harold
  9305 | D:7      | Found a shadowy altar of Dithmenos.
  9582 | D:7      | Reached skill level 7 in Fighting
  9582 | D:7      | Reached skill level 5 in Shields
  9704 | D:7      | Killed from afar by an electric eel

Skill      XL: |  1  2  3  4  5  6  7  8 |
---------------+-------------------------+-----
Maces & Flails | 3 4 5 6 |  6.1
Shields        | 1 2 3 4 5 |  5.3
Fighting       | 4 5 6 7 |  7.4
Dodging        | |  2.5
Stealth        | |  1.5

Action                   |  1- 3 |  4- 6 |  7- 9 || total
-------------------------+-------+-------+-------++-------
Melee: Mace              |   107 |    46 |       ||   153
       Short sword       |   117 |       |       ||   117
       Flail             |       |   173 |   257 ||   430
       Rapier            |       |       |    16 ||    16
Invok: Call Merchant     |       |       |     1 ||     1
Evoke: Wand              |       |       |     6 ||     6
  Use: Scroll            |     5 |     5 |     2 ||    12
 Stab: Sleeping          |     4 |     3 |     2 ||     9
       Distracted        |       |       |     1 ||     1
Armor: Leather armour    |    77 |    80 |    74 ||   231
Dodge: Dodged            |   114 |    87 |   101 ||   302
Block: Large shield      |   125 |   216 |   217 ||   558
